 Dungeon Crawl Stone Soup version 0.30-a0-170-g85af917532 (webtiles) character file.

Game seed: 15993870969887949608

1656 qw the Cleaver (level 9, -8/52 HPs)
             Began as a Gargoyle Fighter on Sept 30, 2022.
             Was a Believer of Okawaru.
             Mangled by an ice beast (14 damage)
             ... on level 6 of the Dungeon.
             The game lasted 00:01:35 (4270 turns).

qw the Cleaver (Gargoyle Fighter)                   Turns: 4270, Time: 00:01:36

Health: -8/52      AC: 21    Str: 29    XL:     9   Next: 0%
Magic:  11/11      EV: 10    Int: 10    God:    Okawaru [**....]
Gold:   1084       SH: 10    Dex:  9    Spells: 8/8 levels left

rFire   . . .      SeeInvis .    Y - +1 war axe
rCold   . . .      Faith    .    n - +0 kite shield
rNeg    + . .      Spirit   .    m - +0 plate armour
rPois   inf        Reflect  .    (no helmet)
rElec   +          Harm     .    (no cloak)
rCorr   .          Rampage  .    l - +0 pair of gloves
Will    .....                    (no boots)
Stlth   ..........               (no amulet)
HPRegen 0.17/turn                g - +6 ring of strength
MPRegen 0.12/turn                (no ring)

@: about to teleport, heroic
A: sickness immunity, AC +6, negative energy resistance 1, electricity
resistance, torment resistance 1, petrification resistance
a: Renounce Religion, Heroism


You were on level 6 of the Dungeon.
You worshipped Okawaru.
Okawaru was pleased with you.
You visited 1 branch of the dungeon, and saw 6 of its levels.

You collected 1084 gold pieces.


Innate Abilities, Weirdness & Mutations

You are immune to sickness and miasma.
Your stone body is resilient. (AC +6)
You are immune to poison.
You resist negative energy. (rN+)
You are resistant to electric shocks. (rElec)
You are resistant to unholy torment.
You are immune to petrification.


   Skills:
 - Level 4.2(9.2) Fighting
 - Level 10.2(15.2) Axes
 - Level 3.2(8.2) Armour
 - Level 7.6(12.6) Dodging
 + Level 5.7(10.7) Shields
 + Level 3.2 Invocations


You had 8 spell levels left.
You didn't know any spells.
Your spell library was empty.

Inventory:

Hand Weapons
 c - a +0 flail
 Y - a +1 war axe (weapon)
Armour
 l - a +0 pair of gloves (worn)
 m - a +0 plate armour (worn)
 n - a +0 kite shield (worn)
Jewellery
 g - a +6 ring of strength (left hand)
Scrolls
 b - 2 scrolls of teleportation
 h - a scroll of butterflies {unknown}
 o - 2 scrolls of identify
 p - a scroll of noise {unknown}
Potions
 a - a potion of haste
 d - 6 potions of might
 e - a potion of flight {unknown}
 f - a potion of cancellation
 i - a potion of curing {unknown}
 j - 2 potions of lignification
 k - a potion of mutation {unknown}

Dungeon Overview and Level Annotations

Branches:
Dungeon (6/15)             Temple (0/1) D:4

Altars:
Dithmenos
Okawaru
Xom


Message History

A wight comes into view. It is wielding a +0 great sword.
The orc warrior hits you with a +0 glaive.
You hit the orc warrior.
The orc warrior is heavily wounded.
The orc warrior closely misses you.
You slash the orc warrior!
The orc warrior is severely wounded.
The orc warrior barely misses you.
You slash the orc warrior!
The orc warrior is almost dead.
A wight comes into view. It is wielding a +0 halberd.
You block the orc warrior's attack.
You slice the orc warrior!!
You kill the orc warrior!
Okawaru accepts your kill.
A wight comes into view. It is wielding a +4 halberd.
You have reached level 9!
Your experience leads to an increase in your attributes!
Your base attributes are Str 21, Int 10, Dex 9.
Increase (S)trength, (I)ntelligence, or (D)exterity?
You feel stronger. x2
4265 ||| Stepping ~*~*~tactically~*~*~ (hiding).
4266 ||| Stepping ~*~*~tactically~*~*~ (hiding).
You closely miss the orc. You block the orc's attack.
You slash the ogre!
The ogre is heavily wounded.
You slash the orc!
You kill the orc!
Okawaru accepts your kill.
The ogre hits you with a +0 giant spiked club!!
4269 ||| READING 3 scrolls of teleportation.
As you read the scroll of teleportation, it crumbles to dust.
You feel strangely unstable. The orc hits you but does no damage.
You block the ice beast's attack.
You hit the ogre.
The ogre is severely wounded.
You hit the ice beast. You hit the orc but do no damage.
The ogre closely misses you. The ice beast hits you. The ice beast freezes you!
You die...

#########
###.......#########
##...#####zo@.......
#####..######..OY#######
......#####...#%##
.............)#)##
#####..######..z.#
#####.## ###z...#
......# ##.#z....
####### .z...z. .####..


You could see an ice beast, an ogre, 3 wights and an orc.

Vanquished Creatures
  Sigmund (D:5)
  3 water moccasins
  An orc warrior (D:6)
  An ice beast (D:5)
  2 ogres
  A centaur (D:4)
  A phantom (D:6)
  A scorpion (D:6)
  A wight (D:6)
  A howler monkey (D:4)
  A hound (D:5)
  A jelly (D:5)
  3 orc priests
  3 iguanas
  2 orc wizards (D:4)
  6 adders
  A white imp (D:6)
  A worm (D:4)
  A dart slug (D:2)
  7 orcs
  8 endoplasms
  3 giant cockroaches
  6 goblins
  4 hobgoblins
  3 jackals (D:2)
  4 quokkas
  11 ball pythons
  12 bats
  4 frilled lizards (D:2)
  3 kobolds (D:1)
  6 rats
103 creatures vanquished.

Notes
Turn   | Place    | Note
-------+----------+-------------------------------------------
     0 | D:1      | qw the Gargoyle Fighter began the quest for the Orb.
     0 | D:1      | Reached XP level 1. HP: 14/14 MP: 1/1
     0 | D:1      | 0 ||| qw: Version: 0.2-a-12-gaebbb33
     0 | D:1      | 0 ||| qw: Game counter: 1485
     0 | D:1      | 0 ||| qw: Always use a shield: true
     0 | D:1      | 0 ||| qw: God list: Okawaru
     0 | D:1      | 0 ||| qw: Allow faded altars: false
     0 | D:1      | 0 ||| qw: Do Orc after D:15 true
     0 | D:1      | 0 ||| qw: Do second Lair branch before Depths: true
     0 | D:1      | 0 ||| qw: Lair rune preference: random
     0 | D:1      | 0 ||| qw: Plans: Normal, Zot:1-4, God:TSO, Crypt, Tomb,
                  | Pan, Slime:5, Hells, Abyss, Orb
     0 | D:1      | 0 ||| PLANNING D:1-11
    84 | D:1      | Reached skill level 2 in Axes
   121 | D:1      | Reached XP level 2. HP: 19/19 MP: 2/2
   128 | D:1      | 128 ||| DROPPING +0 club.
   141 | D:1      | 141 ||| Stepping ~*~*~tactically~*~*~ (stealth).
   382 | D:1      | Found a faded altar of an unknown god.
   392 | D:1      | Reached skill level 3 in Axes
   450 | D:1      | Reached XP level 3. HP: 23/23 MP: 3/3
   840 | D:1      | 840 ||| UPGRADING to +6 ring of strength.
   841 | D:1      | 841 ||| READING scroll labelled DUACEA GYIH.
   842 | D:1      | 842 ||| DRINKING 2 sapphire potions.
   842 | D:1      | Reached skill level 10 in Axes
   842 | D:1      | Reached XP level 4. HP: 28/28 MP: 4/4
   843 | D:1      | 843 ||| DRINKING potion of experience.
   843 | D:1      | Reached XP level 5. HP: 32/32 MP: 5/5
  1284 | D:2      | 1284 ||| UPGRADING to +0 plate armour.
  1294 | D:2      | 1294 ||| DROPPING +0 scale mail.
  1295 | D:2      | 1295 ||| UPGRADING to +0 kite shield.
  1305 | D:2      | 1305 ||| DROPPING +0 buckler.
  1306 | D:2      | 1306 ||| READING scroll labelled INIOLA XIDU.
  1307 | D:2      | 1307 ||| READING scroll labelled ERATEAMUID.
  1308 | D:2      | 1308 ||| READING scroll labelled HEUKAE JENN.
  1313 | D:2      | 1313 ||| READING scroll labelled BAVIHE NOEZXAE.
  1313 | D:2      | Identified a scroll of acquirement
  1313 | D:2      | 1313 ||| ACQUIRING 766 gold pieces
  1313 | D:2      | Acquired 766 gold pieces
  1315 | D:2      | 1315 ||| DRINKING 3 glowing ruby potions.
  1369 | D:3      | Found a shimmering altar of Xom.
  1732 | D:3      | Reached XP level 6. HP: 37/37 MP: 6/6
  1790 | D:3      | 1790 ||| UPGRADING to +0 pair of gloves.
  1795 | D:3      | 1795 ||| READING scroll labelled GIUFEXKOAGA.
  1796 | D:3      | 1796 ||| READING scroll labelled BUWULA MYTT.
  1797 | D:3      | 1797 ||| READING scroll labelled YCORAYTYEF.
  1798 | D:3      | 1798 ||| DRINKING 3 yellow potions.
  1799 | D:3      | 1799 ||| DROPPING 2 potions of brilliance.
  1901 | D:4      | Noticed a water moccasin
  1908 | D:4      | Killed a water moccasin
  2015 | D:4      | Found a shadowy altar of Dithmenos.
  2018 | D:4      | Found an iron altar of Okawaru.
  2019 | D:4      | 2019 ||| PLANNING OKAWARU WORSHIP
  2025 | D:4      | Became a worshipper of Warmaster Okawaru
  2026 | D:4      | 2026 ||| PLANNING D:1-11
  2175 | D:4      | 2175 ||| Stepping ~*~*~tactically~*~*~ (hiding).
  2286 | D:4      | Found a staircase to the Ecumenical Temple.
  2338 | D:4      | 2338 ||| Stepping ~*~*~tactically~*~*~ (hiding).
  2340 | D:4      | 2340 ||| Stepping ~*~*~tactically~*~*~ (hiding).
  2341 | D:4      | 2341 ||| Stepping ~*~*~tactically~*~*~ (hiding).
  2342 | D:4      | 2342 ||| Stepping ~*~*~tactically~*~*~ (hiding).
  2351 | D:4      | Reached XP level 7. HP: 40/41 MP: 7/7
  2571 | D:4      | 2571 ||| Stepping ~*~*~tactically~*~*~ (hiding).
  2678 | D:4      | 2678 ||| DROPPING +0 whip.
  2894 | D:4      | 2894 ||| READING 2 scrolls of identify.
  2894 | D:4      | 2894 ||| IDENTIFYING smoky puce potion
  2925 | D:5      | Entered Level 5 of the Dungeon
  3005 | D:5      | Reached * piety under Okawaru
  3184 | D:5      | 3184 ||| INVOKING Heroism.
  3185 | D:5      | 3185 ||| Stepping ~*~*~tactically~*~*~ (stealth).
  3206 | D:5      | 3206 ||| INVOKING Heroism.
  3214 | D:5      | Reached skill level 1 in Invocations
  3214 | D:5      | Reached XP level 8. HP: 24/48 MP: 5/8
  3530 | D:5      | Noticed Sigmund
  3531 | D:5      | 3531 ||| Stepping ~*~*~tactically~*~*~ (hiding).
  3532 | D:5      | 3532 ||| Stepping ~*~*~tactically~*~*~ (hiding).
  3536 | D:5      | 3536 ||| INVOKING Heroism.
  3541 | D:5      | Killed Sigmund
  3874 | D:5      | 3874 ||| DRINKING 2 silvery potions.
  4051 | D:6      | 4051 ||| INVOKING Heroism.
  4133 | D:6      | Reached ** piety under Okawaru
  4214 | D:6      | 4214 ||| Stepping ~*~*~tactically~*~*~ (stealth).
  4215 | D:6      | 4215 ||| Stepping ~*~*~tactically~*~*~ (stealth).
  4242 | D:6      | 4242 ||| Stepping ~*~*~tactically~*~*~ (hiding).
  4243 | D:6      | 4243 ||| Stepping ~*~*~tactically~*~*~ (hiding).
  4244 | D:6      | 4244 ||| Stepping ~*~*~tactically~*~*~ (hiding).
  4247 | D:6      | 4247 ||| INVOKING Heroism.
  4251 | D:6      | 4251 ||| Stepping ~*~*~tactically~*~*~ (stealth).
  4254 | D:6      | 4254 ||| Stepping ~*~*~tactically~*~*~ (stealth).
  4257 | D:6      | Reached skill level 3 in Invocations
  4265 | D:6      | Reached XP level 9. HP: 28/52 MP: 11/11
  4265 | D:6      | 4265 ||| Stepping ~*~*~tactically~*~*~ (hiding).
  4266 | D:6      | 4266 ||| Stepping ~*~*~tactically~*~*~ (hiding).
  4268 | D:6      | HP: 8/52 [ogre/+0 giant spiked club (20)]
  4269 | D:6      | 4269 ||| READING 3 scrolls of teleportation.
  4270 | D:6      | Mangled by an ice beast

Levels and vault maps discovered:
D:1:      lightli_arrival_lavapool, layout_basic, ebering_ecumenical_altar_hall
D:2:      layout_basic
D:3:      layout_rooms, overflow_temple_1_default
D:4:      layout_basic, nicolae_overflow_squiral,
          minmay_temple_entry_butterflies, minmay_misc_feat_more_columns
D:5:      layout_cave_pools, roderic_serpentine_path, guppyfry_early_lair_pool,
          uniq_sigmund
D:6:      layout_rooms

Skill      XL: |  1  2  3  4  5  6  7  8 |
---------------+-------------------------+-----
Axes           | 2 3 10 | 10.2
Dodging        | 7 |  7.6
Shields        | 4 5 |  5.7
Invocations    | 1 3 |  3.2
Fighting       | 4 |  4.2
Armour         | |  3.2

Action                   |  1- 3 |  4- 6 |  7- 9 || total
-------------------------+-------+-------+-------++-------
Melee: War axe           |    67 |   127 |   110 ||   304
Invok: Heroism           |       |       |     5 ||     5
  Use: Potion            |     1 |     3 |     1 ||     5
       Scroll            |     1 |     7 |     2 ||    10
Armor: Scale mail        |    40 |    11 |       ||    51
       Plate armour      |       |    44 |    40 ||    84
Dodge: Dodged            |    50 |    41 |    19 ||   110
Block: Buckler           |    15 |     7 |       ||    22
       Kite shield       |       |    28 |    35 ||    63

Table legend:
 A = Non-vault XP
 B = Vault XP
 C = Vault XP percentage of total XP
 D = Non-vault monster count
 E = Vault monster count
 F = Vault count percentage of total count
                 A         B        C        D         E       F
            +---------+---------+-------+---------+---------+-------
      Total |    1986 |     226 |  10.2 |     102 |       1 |   1.0
            +---------+---------+-------+---------+---------+-------
        D:1 |      45 |       0 |   0.0 |      29 |       0 |   0.0
        D:2 |      27 |       0 |   0.0 |      17 |       0 |   0.0
        D:3 |      94 |       0 |   0.0 |      14 |       0 |   0.0
        D:4 |     536 |       0 |   0.0 |      25 |       0 |   0.0
        D:5 |     657 |     226 |  25.6 |       7 |       1 |  12.5
        D:6 |     627 |       0 |   0.0 |      10 |       0 |   0.0
            +---------+---------+-------+---------+---------+-------
